 Dungeon Crawl Stone Soup version 0.14-a0-1378-gf8e6a88 (webtiles) character file.

8462 PolkaDot the Conjurer (level 11, -9/68 HPs)
             Began as a Vampire Conjurer on Dec 9, 2013.
             Was a Priest of Vehumet.
             Mangled by a yak (17 damage)
             ... on Level 2 of the Lair of Beasts.
             The game lasted 01:03:47 (12603 turns).

PolkaDot the Conjurer (Vampire Conjurer)           Turns: 12603, Time: 01:03:47

HP  -9/68        AC  6     Str  9      XL: 11   Next:  4%
MP   5/23        EV 12     Int 22      God: Vehumet [***...]
Gold 438         SH  2     Dex 14      Spells:  5 memorised,  5 levels left

rFire  + . .     SeeInvis +     f - +8,+9 spear "Enload" {venom, rF+ SInv}
rCold  . . .     Clarity  .     a - +0 robe (curse)
rNeg   . . .     Conserve .     (no shield)
rPois  .         rCorr    .     (helmet restricted)
rElec  .         rRot     .     (no cloak)
SustAb + .       Spirit   .     (no gloves)
rMut   .         Warding  .     (no boots)
Saprov . . .     Stasis   .     (no amulet)
                                e - ring of sustenance
                                n - ring of sustain abilities

@: regenerating quickly, somewhat resistant to hostile enchantments, stealthy
A: bottle blood, antennae 1, fangs 3, large bone plates 1, slimy green scales 1,
see invisible, clever 1, strong 1, unbreathing
a: Bottle Blood, Renounce Religion


You were on level 2 of the Lair of Beasts.
You worshipped Vehumet.
Vehumet was most pleased with you.
You were very full.

You visited 3 branches of the dungeon, and saw 13 of its levels.
You also visited: Ossuary.

You collected 462 gold pieces.
You spent 24 gold pieces at shops.

Inventory:

Hand weapons
 f - the +8,+9 spear "Enload" (weapon) {venom, rF+ SInv}
   (You found it on level 9 of the Dungeon)

   It poisons the flesh of those it strikes.
   It protects you from fire.
   It enhances your eyesight.
Armour
 a - a cursed +0 robe (worn)
 r - a +1 elven leather armour
Magical devices
 m - a wand of digging (8)
 u - a wand of lightning (6)
 x - a wand of polymorph (4) {unknown}
 y - a wand of disintegration (15)
Scrolls
 b - 3 scrolls of remove curse
 h - 3 scrolls of fear
 i - 3 scrolls of recharging
 l - 2 scrolls of enchant armour
 t - 2 scrolls of teleportation
 w - a scroll of amnesia
 A - 3 scrolls of identify
Jewellery
 e - a ring of sustenance (right hand)
 j - an uncursed ring of fire
 k - an uncursed ring of teleport control
 n - a ring of sustain abilities (left hand)
Potions
 d - a potion of heal wounds
 g - 2 potions of lignification
 o - 4 potions of restore abilities
 p - a potion of resistance
 q - 8 potions of blood
 s - a potion of agility
 z - a potion of curing
Books
 c - a book of Conjurations

   Spells                             Type                      Level
   *Magic Dart                        Conjuration                  1
   *Searing Ray                       Conjuration                  2
   Dazzling Spray                     Conjuration/Hexes            3
   *Iskenderun's Mystic Blast         Conjuration                  4
   Iskenderun's Battlesphere          Conjuration/Charms           4
   *Fulminant Prism                   Conjuration/Hexes            5
 v - a book of Unlife

   Spells                             Type                      Level
   Recall                             Summoning/Translocation      3
   Animate Dead                       Necromancy                   4
   Control Undead                     Necromancy                   4
   Twisted Resurrection               Necromancy                   5
   Death Channel                      Necromancy                   6
   Simulacrum                         Ice/Necromancy               6
Magical staves
 C - an uncursed staff of poison


   Skills:
 + Level 2.1 Armour
 - Level 2.1 Dodging
 - Level 3.0 Stealth
 - Level 5.0 Spellcasting
 * Level 11.9 Conjurations
 - Level 7.1 Hexes


You had 5 spell levels left.
You knew the following spells:

 Your Spells              Type           Power        Failure   Level  Hunger
a - Magic Dart            Conj           ####         1%          1    None
d - Iskenderun's Mystic   Conj           ######..     1%          4    ####...
f - Fulminant Prism       Conj/Hex       #####.....   2%          5    #####..
s - Searing Ray           Conj           ######       1%          2    None
w - Conjure Flame         Conj/Fire      ####....     1%          3    ##.....


Dungeon Overview and Level Annotations

Branches:
Dungeon (10/16)            Temple (1/1) D:7            Lair (2/8) D:8
    Orc: D:9-12

Altars:
Ashenzari
Cheibriados
Elyvilon
Kikubaaqudgha
Makhleb
Nemelex Xobeh
Okawaru
Sif Muna
Vehumet
Xom
Yredelemnul

Shops:
D:7 *+*%


Innate Abilities, Weirdness & Mutations

Your natural rate of healing is unusually fast.
You can bottle blood from corpses.
You have razor-sharp teeth.*
You have supernaturally acute eyesight.
You can survive without breathing.*
You have a pair of small antennae on your head.*
You are partially covered in large bone plates (AC +2, SH +2).*
You are partially covered in slimy green scales (AC +2).*
Your mind is acute. (Int +2)
Your muscles are strong. (Str +2)


Message History

The yak gores you! The yak gores you but does no damage.
Casting: Iskenderun's Mystic Blast
Confirm with . or Enter, or press ? or * to list all spells.
Aiming: Iskenderun's Mystic Blast
Press: ? - help, Shift-Dir - straight line, f/p - yak
Aim: a yak (heavily wounded)
The orb of energy hits the yak.
The yak is almost dead.
The orb of energy explodes!
The mystic blast hits the yak.
You kill the yak!
Vehumet accepts your kill.
You feel your power returning.
* * * LOW MAGIC WARNING * * *
The yak gores you but does no damage.
You hit the yak but do no damage.
The yak is poisoned.
The yak is almost dead.
The yak gores you!
* * * LOW HITPOINT WARNING * * *
The yak gores you!
You die...

#...## ###..........P
#....###...).........
###..................
####..............
##.>........#.
#.........#.#
##.........##
##..........#
###...@.......##
#.#...Y.........
#......[........
#..............
#..............
#........P.......
#...........#.....
##...........#...
######f...###..


You could see a yak.

Vanquished Creatures
  A hill giant (D:5)
  A black mamba (Lair:1)
  3 spiny frogs (Lair:1)
  A troll (D:10)
  A basilisk (Lair:1)
  3 yaks
  A steam dragon (D:8)
  2 wraiths
  4 hippogriffs
  An orc warrior (D:6)
  3 sky beasts
  A black bear (D:7)
  3 centaurs
  2 porcupines
  7 ogres
  2 crocodiles (Lair:1)
  A big kobold (D:10)
  8 giant frogs
  Blork the orc (D:5)
  An agate snail (Lair:1)
  A water moccasin (Lair:1)
  3 killer bees (D:9)
  8 wights (D:7)
  2 jellies
  A yak skeleton (D:9)
  A goliath beetle (D:1)
  A big fish (D:7)
  9 hounds
  2 water moccasin zombies (Ossuary)
  8 crimson imps
  An orc priest (D:3)
  A centaur skeleton (D:5)
  A scorpion (D:8)
  6 orc wizards
  An iguana (D:10)
  A worker ant (D:5)
  7 big kobold zombies (Ossuary)
  A hound zombie (D:5)
  2 mummies (Ossuary)
  A worker ant zombie (D:5)
  2 green rats (D:8)
  16 adders
  5 gnolls
  2 giant centipedes (Lair:1)
  A giant mite (D:5)
  4 worms
  An inept item mimic (D:8)
  5 adder zombies (Ossuary)
  An iguana skeleton (D:5)
  7 giant geckos
  An ooze (D:3)
  18 orcs
  4 ball pythons
  29 bats
  5 giant cockroaches
  3 gnoll zombies (Ossuary)
  15 goblins
  20 hobgoblins
  18 jackals
  17 kobolds
  6 quokkas
  5 giant newts
  A giant spore (D:7)
  5 hobgoblin zombies (Ossuary)
  A jackal zombie (D:5)
  A kobold skeleton (D:4)
  5 kobold zombies (Ossuary)
  8 orc zombies
  26 rats
  2 rat skeletons (D:4)
  2 ballistomycetes (D:7)
  A plant (D:8)
342 creatures vanquished.

Vanquished Creatures (others)
  A crimson imp (D:7)
  A fulminant prism (D:9)
  A giant spore (D:8)
  A fungus (D:8)
4 creatures vanquished.

Grand Total: 346 creatures vanquished

Notes
Turn   | Place    | Note
--------------------------------------------------------------
     0 | D:1      | PolkaDot, the Vampire Conjurer, began the quest for the Orb.
     0 | D:1      | Reached XP level 1. HP: 13/13 MP: 3/3
   369 | D:1      | Reached XP level 2. HP: 19/19 MP: 0/4
   374 | D:1      | Learned a level 2 spell: Searing Ray
  1138 | D:1      | Reached XP level 3. HP: 22/24 MP: 0/6
  1572 | D:1      | Reached skill level 4 in Conjurations
  1663 | D:1      | Reached XP level 4. HP: 28/30 MP: 7/7
  1750 | D:2      | Learned a level 4 spell: Iskenderun's Mystic Blast
  1855 | D:2      | Found a snail-covered altar of Cheibriados.
  2597 | D:2      | Reached XP level 5. HP: 33/35 MP: 9/9
  3032 | D:3      | Reached skill level 5 in Conjurations
  3320 | D:3      | Gained mutation: You have a pair of small antennae on your head. [potion of mutation]
  3320 | D:3      | Gained mutation: You are partially covered in slimy green scales (AC +2). [potion of mutation]
  3759 | D:3      | Reached XP level 6. HP: 39/41 MP: 10/10
  4501 | D:4      | Reached skill level 6 in Conjurations
  4675 | D:4      | Reached XP level 7. HP: 46/46 MP: 7/12
  5173 | D:5      | Entered Level 5 of the Dungeon
  5195 | D:5      | Gained mutation: Your mind is acute. (Int +2) [potion of beneficial mutation]
  5227 | D:5      | Reached skill level 7 in Conjurations
  5688 | D:5      | Noticed Blork the orc
  5758 | D:5      | Found a shattered altar of Ashenzari.
  5763 | D:5      | Killed Blork the orc
  5763 | D:5      | Reached XP level 8. HP: 52/52 MP: 3/13
  5951 | D:5      | Reached skill level 8 in Conjurations
  6345 | D:6      | Noticed a hill giant
  6877 | D:5      | Killed a hill giant
  6877 | D:5      | Reached skill level 9 in Conjurations
  7037 | D:6      | Found an ancient bone altar of Kikubaaqudgha.
  7203 | D:7      | Found Mnuil's Book Shoppe.
  7306 | D:7      | Reached XP level 9. HP: 43/57 MP: 1/14
  7329 | D:7      | Found Fenian's General Store.
  7338 | D:7      | Found Yfaafis' General Store.
  7512 | D:7      | Bought a scroll of identify for 24 gold pieces
  7641 | D:7      | Reached skill level 10 in Conjurations
  7660 | D:7      | Learned a level 5 spell: Fulminant Prism
  7699 | D:7      | Found a white marble altar of Elyvilon.
  7725 | D:7      | Found a staircase to the Ecumenical Temple.
  7771 | D:7      | Found Fig Ofof's Food Shop.
  7779 | Temple   | Entered the Ecumenical Temple
  7783 | Temple   | Became a worshipper of Vehumet
  8072 | D:8      | Found a staircase to the Lair.
  8157 | D:8      | Reached skill level 1 in Hexes
  8326 | D:8      | Found a sand-covered staircase.
  8344 | Ossuary  | Entered an ossuary
  8639 | Ossuary  | Acquired Vehumet's first power
  8639 | Ossuary  | Offered knowledge of Sandblast by Vehumet.
  9122 | Ossuary  | Gained mutation: Your muscles are strong. (Str +2) [potion of beneficial mutation]
  9261 | D:8      | Offered knowledge of Freeze by Vehumet.
  9667 | D:9      | Reached XP level 10. HP: 38/63 MP: 2/19
  9788 | D:9      | Found an iron altar of Okawaru.
  9829 | D:9      | Got an encrusted spear
  9830 | D:9      | Identified the +8,+9 spear "Enload" {venom, rF+ SInv} (You found it on level 9 of the Dungeon)
  9830 | D:9      | Identified the +8,+9 spear "Enload" {venom, rF+ SInv} (You found it on level 9 of the Dungeon)
  9868 | D:9      | Reached skill level 5 in Hexes
  9876 | D:9      | Reached skill level 11 in Conjurations
 10110 | D:9      | Found a burning altar of Makhleb.
 10110 | D:9      | Noticed a cacodemon
 10113 | D:9      | Noticed a smoke demon
 10346 | D:10     | Entered Level 10 of the Dungeon
 10586 | D:10     | Offered knowledge of Conjure Flame by Vehumet.
 10591 | D:10     | Learned a level 3 spell: Conjure Flame
 11067 | Lair:1   | Entered Level 1 of the Lair of Beasts
 11299 | Lair:1   | Noticed a black mamba
 11305 | Lair:1   | Killed a black mamba
 11518 | Lair:1   | Acquired Vehumet's second power
 11583 | Lair:1   | Reached skill level 5 in Spellcasting
 11609 | Lair:1   | Reached skill level 1 in Armour
 12103 | Lair:1   | Gained mutation: You are partially covered in large bone plates (AC +2, SH +2). [potion of beneficial mutation]
 12594 | Lair:2   | Reached XP level 11. HP: 68/68 MP: 20/23
 12603 | Lair:2   | Mangled by a yak

Action                   |  1- 3 |  4- 6 |  7- 9 | 10-12 || total
-------------------------+-------+-------+-------+-------++-------
Melee: Unarmed           |    38 |       |       |       ||    38
       Dagger            |    14 |   127 |       |       ||   141
       Cutlass           |       |   147 |   286 |     5 ||   438
       Spear             |       |       |       |   143 ||   143
 Cast: Magic Dart        |    26 |     4 |     7 |       ||    37
       Searing Ray       |    15 |    26 |    68 |    17 ||   126
       Iskenderun's Myst |       |       |    37 |    42 ||    79
       Fulminant Prism   |       |       |       |     1 ||     1
 Abil: Bottle Blood      |       |    10 |    34 |    14 ||    58
Evoke: Wand              |       |     1 |       |     2 ||     3
  Use: Potion            |     5 |     4 |    42 |    19 ||    70
       Scroll            |       |     1 |    20 |     5 ||    26
 Stab: Sleeping          |       |    10 |    13 |     3 ||    26
